 Dungeon Crawl Stone Soup version 0.30-a0-54-g2e61a25929 (webtiles) character file.

Game seed: 7908776491513752931

8478 Pooter the Cleaver (level 11, -26/95 (97) HPs)
             Began as a Minotaur Berserker on Sept 8, 2022.
             Was a Priest of Trog.
             Annihilated by a two-headed ogre
             ... wielding a +0 giant spiked club
              (27 damage)
             ... on level 9 of the Dungeon.
             The game lasted 00:51:34 (7368 turns).

Pooter the Cleaver (Minotaur Berserker)             Turns: 7368, Time: 00:51:34

HP:   -26/95 (97)   AC: 19    Str: 24    XL:     11   Next: 10%
MP:   19/19         EV:  7    Int:  4    God:    Trog [***...]
Gold: 17            SH:  0    Dex:  7    Spells: 10/10 levels left

rFire   + . .      SeeInvis .    a - +4 war axe
rCold   + + +      Faith    .    (no shield)
rNeg    + . .      Spirit   .    f - +0 plate armour
rPois   +          Reflect  .    m - +1 hat
rElec   .          Harm     .    y - +1 cloak {Stlth+}
rCorr   .          Rampage  .    B - +1 pair of gloves
Will    ++...                    (no boots)
Stlth   ..........               n - amulet of regeneration
HPRegen 2.05/turn                N - ring of positive energy
MPRegen 0.16/turn                F - ring of the Eagle {rPois rF+ rC+++ MP+9 Dex-5}

@: strong-willed, on berserk cooldown, regenerating, slowed, lightly drained,
very slow
A: horns 2, retaliatory headbutt
a: Renounce Religion, Berserk, Trog's Hand


You were on level 9 of the Dungeon.
You worshipped Trog.
Trog was most pleased with you.
You visited 1 branch of the dungeon, and saw 10 of its levels.

You collected 529 gold pieces.
You spent 512 gold pieces at shops.

Inventory:

Hand Weapons
 a - a +4 war axe (weapon)
   (You took it off a wight on level 7 of the Dungeon)
 b - a +0 shortbow
   (You found it on level 6 of the Dungeon)
 e - a -1 demon whip of venom
   (You took it off Amaemon on level 8 of the Dungeon)
 o - a +0 trident
   (You took it off a hobgoblin on level 4 of the Dungeon)
 p - a +0 scimitar of flaming
   (You took it off Erica on level 8 of the Dungeon)
 E - a +3 halberd of protection
   (You took it off Blork the orc on level 5 of the Dungeon)
 J - a +4 flail
   (You took it off a wight on level 8 of the Dungeon)
Missiles
 q - 6 boomerangs (quivered)
 x - 3 datura-tipped darts
 H - 5 poisoned darts
 Q - 70 stones
Armour
 f - a +0 plate armour (worn)
   (You found it on level 1 of the Dungeon)
 m - a +1 hat (worn)
   (You found it on level 5 of the Dungeon)
 y - a +1 cloak of stealth (worn)
   (You took it off Crazy Yiuf on level 5 of the Dungeon)
 B - a +1 pair of gloves (worn)
   (You bought it in a shop on level 8 of the Dungeon)
Jewellery
 i - a +6 ring of intelligence
   (You found it on level 6 of the Dungeon)
 n - an amulet of regeneration (around neck)
   (You found it on level 3 of the Dungeon)
 C - a ring of protection from fire
   (You found it on level 6 of the Dungeon)
 F - the ring of the Eagle (right hand) {rPois rF+ rC+++ MP+9 Dex-5}
   (You acquired it on level 9 of the Dungeon)

   [ring of poison resistance]

   Dex:       It affects your dexterity (-5).
   rF:        It protects you from fire.
   rC:        It renders you almost immune to cold.
   rPois:     It protects you from poison.
   MP:        It affects your magic capacity (+9).
 N - a ring of positive energy (left hand)
   (You found it on level 1 of the Dungeon)
 S - a ring of see invisible
   (You bought it in a shop on level 8 of the Dungeon)
Wands
 u - a wand of paralysis (9)
   (You found it on level 8 of the Dungeon)
Scrolls
 h - 2 scrolls of torment {!r}
 j - 2 scrolls of vulnerability {!r}
 k - a scroll of fog
 r - 2 scrolls of noise {!r}
 t - a scroll of teleportation {@r4}
 z - a scroll of poison {!r}
Potions
 g - a potion of ambrosia
 l - a potion of attraction {!q}
 s - a potion of degeneration {unknown}
 v - 3 potions of curing {@q1}
 w - 2 potions of flight
 A - 2 potions of lignification {!q}
 G - a potion of mutation {unknown}
 I - 2 potions of brilliance {unknown}


   Skills:
 + Level 9.3 Fighting
 * Level 12.7 Axes
 * Level 10.9 Ranged Weapons
 - Level 7.8 Armour
 - Level 2.1 Dodging
 + Level 1.4 Evocations


You had 10 spell levels left.
You didn't know any spells.
Your spell library was empty.

Dungeon Overview and Level Annotations

Branches:
Dungeon (10/15)            Temple (0/1) D:6
   Lair: D:8-11         Orc: D:9-12

Altars:
Fedhas
Hepliaklqana

Shops:
D:5 ?   D:8 [=*

Annotations:
D:10 Harold


Innate Abilities, Weirdness & Mutations

You have a pair of horns on your head.
You reflexively headbutt those who attack you in melee.


Message History

Okay, then.
The ufetubus disappears in a puff of smoke!
The two-headed ogre attacks as you move away!
The two-headed ogre barely misses you.
The two-headed ogre hits you with a +0 giant club!
Found a short sword.
The yak bellows!
The yak gores you. The yak gores you but does no damage.
The two-headed ogre hits you with a +0 giant spiked club!!
The two-headed ogre hits you with a +0 giant club!
* * * LOW HITPOINT WARNING * * *
There is a stone staircase leading up, spattered with blood here.
The molten gargoyle hits you with a +0 flail!
* * * LOW HITPOINT WARNING * * *
You are engulfed in flames.
You resist.
* * * LOW HITPOINT WARNING * * *
The yak gores you but does no damage.
The molten gargoyle hits you but does no damage.
The yak gores you but does no damage. The two-headed ogre barely misses you.
The two-headed ogre closely misses you.
You climb upwards.
There is a stone staircase leading down here.
Your skin crawls.
You feel strong-willed.
The molten gargoyle hits you but does no damage.
The yak gores you but does no damage. The two-headed ogre barely misses you.
The two-headed ogre hits you but does no damage.
You slash the two-headed ogre! You hit the yak.
You barely miss the molten gargoyle.
The molten gargoyle hits you with a +0 flail.
* * * LOW HITPOINT WARNING * * *
You are engulfed in flames.
You resist.
* * * LOW HITPOINT WARNING * * *
The yak gores you!
* * * LOW HITPOINT WARNING * * *
You completely miss the two-headed ogre.
You headbutt the two-headed ogre, but do no damage.
You hit the molten gargoyle but do no damage.
You hit the yak. The molten gargoyle closely misses you.
The two-headed ogre hits you but does no damage. x2
The yak gores you but does no damage.
The molten gargoyle hits you but does no damage.
The yak gores you but does no damage.
Unknown command.
You hit the two-headed ogre. You closely miss the yak.
You hit the molten gargoyle.
The two-headed ogre hits you with a +0 giant spiked club!!
* * * LOW HITPOINT WARNING * * *
The two-headed ogre hits you with a +0 giant club!!
You die...

#.....#
#.....#
#.....'
#.....#
#.....#
#.....#
#.....+
#...9#
#...@#
#..YO#
#....#
#.....
####..
#...
#...
#....


You could see a two-headed ogre, a yak and a molten gargoyle.

Vanquished Creatures
  2 two-headed ogres (D:8)
  Erica (D:8)
  Amaemon (D:8)
  Pikel (D:5)
  Maurice (D:7)
  A molten gargoyle (D:10)
  Psyche (D:9)
  An orange demon (D:8)
  Prince Ribbit (D:5)
  2 hornets
  4 yaks
  A steam dragon (D:6)
  Grum (D:8)
  2 water moccasins
  2 orc warriors
  A sky beast (D:7)
  3 black bears
  2 wolves (D:8)
  A lemure (D:4)
  2 bullfrogs (D:9)
  A necrophage (D:7)
  Blork the orc (D:5)
  A scorpion (D:7)
  14 wights
  2 killer bees (D:10)
  2 howler monkeys (D:7)
  5 hounds
  3 jellies
  5 orc priests
  Crazy Yiuf (D:5)
  5 iguanas
  Ijyb (D:5)
  2 gnoll boudas (D:7)
  7 orc wizards
  9 adders
  8 gnolls
  5 white imps
  2 dart slugs
  26 orcs
  13 ball pythons
  7 bats
  5 endoplasms
  3 giant cockroaches
  6 goblins
  12 hobgoblins
  3 jackals (D:3)
  3 kobolds
  5 quokkas
  3 frilled lizards
  3 rats
194 creatures vanquished.

Vanquished Creatures (collateral kills)
  2 orcs (D:8)
2 creatures vanquished.

Vanquished Creatures (others)
  5 plants (D:7)
5 creatures vanquished.

Grand Total: 201 creatures vanquished

Notes
Turn   | Place    | Note
-------+----------+-------------------------------------------
     0 | D:1      | Pooter the Minotaur Berserker began the quest for the Orb.
     0 | D:1      | Reached XP level 1. HP: 19/19 MP: 0/0
   190 | D:1      | Reached skill level 4 in Axes
   194 | D:1      | Reached XP level 2. HP: 27/27 MP: 1/1
  1005 | D:2      | Reached skill level 1 in Ranged Weapons
  1005 | D:2      | Reached XP level 3. HP: 29/33 MP: 2/2
  1192 | D:2      | Reached ** piety under Trog
  1265 | D:2      | Found a hazy altar of Hepliaklqana.
  1430 | D:2      | Found a faded altar of an unknown god.
  1586 | D:3      | Reached XP level 4. HP: 40/40 MP: 3/3
  1656 | D:3      | Reached skill level 5 in Axes
  2132 | D:4      | Reached XP level 5. HP: 47/47 MP: 4/4
  2374 | D:4      | Reached *** piety under Trog
  2517 | D:4      | Reached skill level 6 in Axes
  2557 | D:4      | Reached skill level 5 in Fighting
  2557 | D:4      | Reached XP level 6. HP: 56/56 MP: 5/5
  2812 | D:5      | Entered Level 5 of the Dungeon
  2828 | D:5      | Noticed Prince Ribbit
  2858 | D:5      | Killed Prince Ribbit
  2859 | D:5      | Reached XP level 7. HP: 61/61 MP: 6/6
  2947 | D:5      | Reached skill level 7 in Axes
  3019 | D:5      | Noticed Ijyb
  3027 | D:5      | Killed Ijyb
  3169 | D:5      | Noticed Pikel
  3185 | D:4      | Reached skill level 5 in Ranged Weapons
  3296 | D:5      | Noticed Blork the orc
  3309 | D:5      | Killed Blork the orc
  3376 | D:5      | Found a runed translucent door.
  3377 | D:5      | Noticed Crazy Yiuf
  3387 | D:5      | Killed Crazy Yiuf
  3498 | D:5      | Found Wule's Magic Scroll Shoppe.
  3501 | D:5      | Bought a scroll of identify for 26 gold pieces
  3501 | D:5      | Bought a scroll of identify for 26 gold pieces
  3501 | D:5      | Bought a scroll of poison for 52 gold pieces
  3501 | D:5      | Bought a scroll of identify for 26 gold pieces
  3518 | D:5      | Killed Pikel
  3519 | D:5      | Reached skill level 8 in Axes
  3519 | D:5      | Reached XP level 8. HP: 71/71 MP: 7/7
  3844 | D:6      | Found a blossoming altar of Fedhas.
  3940 | D:6      | Found a staircase to the Ecumenical Temple.
  4029 | D:6      | Reached skill level 9 in Axes
  4056 | D:6      | Reached skill level 5 in Armour
  4579 | D:7      | Reached XP level 9. HP: 78/78 MP: 8/8
  5053 | D:7      | Identified the +6 ring mail of Anaesthesia {Int+3}
  5065 | D:7      | Reached skill level 10 in Axes
  5456 | D:8      | Noticed Erica
  5464 | D:8      | Killed Erica
  5465 | D:8      | Reached XP level 10. HP: 88/88 MP: 9/9
  5508 | D:8      | Noticed Amaemon
  5522 | D:8      | Killed Amaemon
  5523 | D:8      | Reached skill level 11 in Axes
  5583 | D:8      | Noticed an orange demon
  5586 | D:8      | Noticed Maurice
  5905 | D:8      | Paralysed by Maurice for 5 turns
  5918 | D:7      | Paralysed by Maurice for 5 turns
  5933 | D:7      | Killed Maurice
  5957 | D:8      | Killed an orange demon
  6052 | D:8      | Noticed Psyche
  6101 | D:9      | Killed Psyche
  6109 | D:9      | Reached skill level 10 in Ranged Weapons
  6194 | D:8      | Found Xuigih's Antique Armour Emporium.
  6208 | D:8      | Bought a pair of runed gloves for 232 gold pieces
  6404 | D:8      | Noticed a two-headed ogre
  6407 | D:8      | Noticed Grum
  6417 | D:8      | Killed a two-headed ogre
  6418 | D:8      | Reached skill level 12 in Axes
  6424 | D:8      | Killed Grum
  6706 | D:8      | Noticed a two-headed ogre
  6717 | D:8      | Killed a two-headed ogre
  6725 | D:8      | Reached XP level 11. HP: 91/91 MP: 10/10
  6762 | D:8      | Reached skill level 1 in Evocations
  6808 | D:8      | Found Omam's Assorted Antiques.
  6906 | D:8      | Found Etutiptu's Jewellery Shoppe.
  7031 | D:9      | Identified a scroll of acquirement
  7031 | D:9      | Acquired the ring of the Eagle {rPois rF+ rC+++ MP+9 Dex-5}
  7158 | D:8      | Bought a ring of see invisible for 150 gold pieces
  7198 | D:9      | You fall into a shaft and drop 1 floor!
  7198 | D:10     | Entered Level 10 of the Dungeon
  7272 | D:10     | Noticed a two-headed ogre
  7272 | D:10     | Noticed a two-headed ogre
  7332 | D:10     | Noticed an orc sorcerer
  7334 | D:10     | Noticed an orc sorcerer
  7339 | D:10     | Noticed Harold
  7348 | D:10     | Noticed a two-headed ogre
  7368 | D:9      | HP: 1/95 [two-headed ogre/+0 giant spiked club (18)]
  7368 | D:9      | Annihilated by a two-headed ogre

Illustrated notes

Levels and vault maps discovered:
D:1:      mrwooster_arrival_statue_3, layout_basic
D:2:      layout_basic, hellmonk_ecumenical_altar_arch_garden, basic_altar
D:3:      minmay_chambers_of_threes, layout_basic
D:4:      layout_cave_pools
D:5:      layout_basic, serial_shops, kennysheep_mini, guppyfry_early_lair_pool,
          uniq_crazy_yiuf_cottage, uniq_blork_the_orc, uniq_ijyb, uniq_pikel,
          uniq_prince_ribbit1
D:6:      layout_basic, mainiacjoe_overflow_cross_hatched,
          minmay_temple_entry_waves
D:7:      layout_basic, minmay_misc_feat_room, minmay_crystal_room,
          grunt_ministairs_6, nicolae_grassy_gnolls
D:8:      layout_cave_pods, serial_shops, nicolae_shop_window_shopping,
          nicolae_shop_trees, nicolae_stop_n_shop_2, uniq_maurice, uniq_psyche,
          uniq_erica, uniq_grum, uniq_amaemon
D:9:      layout_irregular_city
D:10:     cheibrodos_wizards_tower, layout_rooms, minivault_8, uniq_harold

Skill      XL: |  1  2  3  4  5  6  7  8  9 10 11 |
---------------+----------------------------------+-----
Axes           | 4 5 6 8 9 10 12 | 12.7
Fighting       | 4 5 6 8 9 |  9.3
Ranged Weapons | 1 2 3 4 6 7 9 10 | 10.9
Armour         | 3 4 5 6 7 |  7.8
Evocations     | 1 |  1.4
Dodging        | |  2.1

Action                   |  1- 3 |  4- 6 |  7- 9 | 10-12 || total
-------------------------+-------+-------+-------+-------++-------
Melee: Hand axe          |    50 |    58 |       |       ||   108
       Dagger            |     5 |     1 |       |       ||     6
       Headbutt          |     4 |    13 |    29 |    23 ||    69
       Halberd           |       |    57 |   110 |       ||   167
       War axe           |       |       |    50 |   108 ||   158
       Punch             |       |       |     1 |     1 ||     2
 Fire: Sling             |    52 |    33 |    12 |       ||    97
       Shortbow          |       |       |    39 |    20 ||    59
Throw: Stone             |       |     3 |     2 |       ||     5
       Boomerang         |       |       |     4 |     1 ||     5
       Dart              |       |       |     2 |     2 ||     4
Invok: Berserk           |     3 |     3 |     9 |     8 ||    23
       Trog's Hand       |       |     1 |     6 |     6 ||    13
  Use: Scroll            |     2 |     4 |     9 |     6 ||    21
       Potion            |       |       |     1 |     2 ||     3
Armor: Animal skin       |     1 |       |       |       ||     1
       Plate armour      |    28 |    94 |    90 |    98 ||   310
Dodge: Dodged            |    33 |    56 |    70 |    36 ||   195

Table legend: (Time is in decaauts)
 A = Elapsed time spent in this place.
 B = Non-inter-level travel time spent in this place.
 C = Inter-level travel time spent in this place.
 D = Time resting spent in this place.
 E = Time spent auto-exploring this place.
 F = Levels seen in this place.
 G = Mean time per level.
                   A        B        C        D        E       F      G
               +--------+--------+--------+--------+--------+-----+--------+
         Total |   7676 |   7473 |    203 |   1658 |   3928 |  10 |  767.6 |
       Dungeon |   7676 |   7473 |    203 |   1658 |   3928 |  10 |  767.6 |
               +--------+--------+--------+--------+--------+-----+--------+

Top non-repeatable levels by time:
     D:7: 1467 daAuts
     D:8: 1271 daAuts
     D:5: 927 daAuts
     D:1: 886 daAuts
     D:3: 846 daAuts
     D:4: 702 daAuts
     D:2: 645 daAuts
     D:6: 486 daAuts
     D:9: 262 daAuts
    D:10: 180 daAuts
